Match 37495088
Unlisted

Match 37495088
End
Construct Barracks
Riflemen Squad
Selects Airborne Battlegroup
Selects Heavy Machine Gun Paradrop
Riflemen Squad
Heavy Machine Gun Paradrop
Engineer Squad
Grenade Package
Air Support Center
P-47 Strafing Run
Construct Motor Pool
Selects Paratrooper Squad Paradrop
Paratrooper Squad Paradrop
M8 Greyhound Armored Car
Construct Medical Station
Selects Recon Loiter
Selects Anti-tank Gun Team Paradrop
Anti-tank Gun Team Paradrop
.30 cal Machine Gun
P-47 Strafing Run
Selects Recon Loiter
Selects Paradrop Reinforcements
Bl00d_Ang3l
Zinnman101
Stofpoeper
自殺大雞巴
DexN
PayPerPaper
Waaaargh!!
ILoveRimJOB
0
0

Comments sign in to comment!

No comments posted yet!